[Event "FRA-ch Open A-D 2018"]
[Site "Nimes"]
[Date "2018.08.23"]
[Round "6"]
[White "Jugeau, Frederic"]
[Black "Davidou, Delphine"]
[Result "1/2-1/2"]
[ECO "B31"]
[WhiteElo "1409"]
[BlackElo "1446"]
[Annotator "NA RC"]
[PlyCount "153"]
[EventDate "2018.08.18"]
[EventType "tourn"]
[EventCountry "FRA"]
[SourceTitle "playchess.com"]
[Source "ChessBase"]
[SourceQuality "1"]
[TimeControl "40/5400+30:1800+30"]

1. e4 c5 2. Nf3 Nc6 3. Bb5 g6 4. Bxc6 dxc6 5. d3 Bg7 6. Nc3 Nf6 7. O-O Bg4 8. h3 Bxf3 9. Qxf3 O-O 10. Be3 b6 11. Rad1 Ne8 12. Bc1 Nc7 13. Ne2 e5 14. Qg3 Ne6 15. c3 b5 16. f4 exf4 17. Nxf4 Qc7 18. Qf2 b4 19. Nxe6 fxe6 20. Qxc5 bxc3 21. bxc3 Qb6 22. Rxf8+ Rxf8 23. Qxb6 axb6 24. Bb2 b5 25. a3 c5 26. Rd2 Rb8 27. d4 cxd4 28. cxd4 Ra8 29. Kf1 Bf8 30. Rd3 b4 31. axb4 Bxb4 32. Rd1 Ra2 33. Rb1 Kf7 34. Kg1 Ba3 35. Bxa3 Rxa3 36. Rf1+ Ke7 37. Rd1 Ra5 38. Kf2 Ra2+ 39. Kf3 Kf6 40. Kg3 h5 41. Rd3 g5 42. Rf3+ Ke7 43. Rf2 Ra4 44. Rd2 Ra3+ 45. Kf2 Kd6 46. Ke2 h4 47. Rd3 Ra2+ 48. Kf3 Ke7 49. Re3 Kf6 50. Re2 Ra3+ 51. Re3 Ra2 52. Rd3 Ra5 53. Kg4 Kg6 54. d5 exd5 55. exd5 Ra4+ 56. Kf3 Rf4+ 57. Ke3 Kf7 58. Rd4 Rf1 59. Rd2 Ke7 60. Ke2 Rf6 61. Ke3 Kd6 62. Rd4 Rf8 63. Rg4 Rf5 64. Rd4 Rxd5 65. Rxd5+ Kxd5 66. Kf3 Ke6 67. Ke4 Kf6 68. Ke3 Kg6 69. Kf2 Kf6 70. Ke3 Ke5 71. Kf3 Kf5 72. Ke3 g4 73. Kf2 Kf4 74. hxg4 Kxg4 75. Kg1 Kg3 76. Kh1 h3 77. gxh3 1/2-1/2

[Event "FRA-ch Open A-D 2018"]
[Site "Nimes"]
[Date "2018.08.23"]
[Round "6"]
[White "Berfini, Ghjuliana"]
[Black "Alcindor, Samuel"]
[Result "0-1"]
[ECO "D02"]
[WhiteElo "1363"]
[BlackElo "1462"]
[Annotator "NA RC"]
[PlyCount "148"]
[EventDate "2018.08.18"]
[EventType "tourn"]
[EventCountry "FRA"]
[SourceTitle "playchess.com"]
[Source "ChessBase"]
[SourceQuality "1"]
[TimeControl "40/5400+30:1800+30"]

1. d4 d5 2. Nf3 e6 3. g3 c5 4. Bg2 Nc6 5. Be3 Qf6 6. Nc3 c4 7. O-O Bd6 8. Bg5 Qg6 9. Nb5 Bb8 10. Qd2 f6 11. Bf4 e5 12. Be3 Nge7 13. dxe5 fxe5 14. Nh4 Qe6 15. Bc5 O-O 16. Bxe7 Nxe7 17. Nc3 Rd8 18. Ne4 Qb6 19. Nc3 Qxb2 20. Bxd5+ Kf8 21. e4 Be6 22. Rab1 Qa3 23. Nf3 Nxd5 24. exd5 Bh3 25. Rfe1 Qe7 26. Qg5 Qxg5 27. Nxg5 Bf5 28. Rxb7 Bd7 29. Nb5 h6 30. Ne6+ Bxe6 31. dxe6 Re8 32. Nc7 Re7 33. Nxa8 Rxb7 34. Rd1 Ke7 35. Rd5 Bd6 36. Ra5 Kxe6 37. Ra6 Kd5 38. Ra5+ Kc6 39. Ra6+ Kc5 40. Ra5+ Kc6 41. Ra6+ Kd7 42. Ra4 c3 43. Ra5 Ke6 44. Ra6 Kd7 45. Ra5 Kc8 46. Rd5 Rd7 47. Rb5 Bb8 48. Kg2 Rd2 49. Rc5+ Kb7 50. Rxc3 Kxa8 51. Kf3 Rd4 52. Ke3 Ra4 53. a3 Kb7 54. Rb3+ Kc8 55. Rc3+ Bc7 56. f4 exf4+ 57. gxf4 Kb7 58. Rb3+ Bb6+ 59. Kf3 Rc4 60. Rb2 Rc3+ 61. Ke4 Rxa3 62. Kf5 Kc7 63. Rb4 Rc3 64. h4 a5 65. Ra4 Rc6 66. Re4 Rf6+ 67. Kg4 Kc6 68. Kf3 Bc7 69. Ra4 Kb5 70. Ra2 Rxf4+ 71. Kg2 Rg4+ 72. Kh3 Rg3+ 73. Kh2 Ra3+ 74. Kg2 Rxa2 0-1

[Event "FRA-ch Open A-D 2018"]
[Site "Nimes"]
[Date "2018.08.23"]
[Round "6"]
[White "Sithisak, Remi"]
[Black "Bernard, Thomas"]
[Result "1-0"]
[ECO "E11"]
[WhiteElo "1360"]
[BlackElo "1466"]
[Annotator "NA RC"]
[PlyCount "67"]
[EventDate "2018.08.18"]
[EventType "tourn"]
[EventCountry "FRA"]
[SourceTitle "playchess.com"]
[Source "ChessBase"]
[SourceQuality "1"]
[TimeControl "40/5400+30:1800+30"]

1. d4 e6 2. c4 Nf6 3. Nf3 Bb4+ 4. Bd2 Bxd2+ 5. Qxd2 O-O 6. Nc3 b6 7. e3 Bb7 8. Be2 d6 9. O-O Nbd7 10. Rfd1 Qe7 11. b4 Rfd8 12. Qc2 a5 13. a3 axb4 14. axb4 c5 15. Qb2 Rdb8 16. Rxa8 Bxa8 17. Rb1 Bb7 18. Nd2 cxd4 19. exd4 Ba6 20. Ra1 Bb7 21. Bf3 Bxf3 22. Nxf3 d5 23. cxd5 Nxd5 24. Nxd5 exd5 25. Re1 Qd6 26. Ne5 Re8 27. Qc3 Qe7 28. g3 Nf6 29. Nd3 Ne4 30. Qc6 Qd8 31. f3 Nf6 32. Rxe8+ Nxe8 33. Ne5 f6 34. Qe6+ 1-0

[Event "FRA-ch Open A-D 2018"]
[Site "Nimes"]
[Date "2018.08.24"]
[Round "7"]
[White "Llapasset, Jean Louis"]
[Black "Anes, Emmanuel"]
[Result "1-0"]
[ECO "B06"]
[WhiteElo "2086"]
[BlackElo "2029"]
[Annotator "NA"]
[PlyCount "87"]
[EventDate "2018.08.18"]
[EventType "tourn"]
[EventCountry "FRA"]
[SourceTitle "playchess.com"]
[Source "ChessBase"]
[SourceQuality "1"]
[TimeControl "40/5400+30:1800+30"]

1. e4 g6 2. d4 Bg7 3. Nc3 d6 4. Be3 a6 5. Qd2 b5 6. Be2 Bb7 7. a3 Nd7 8. O-O-O Rc8 9. h4 c5 10. f3 b4 11. axb4 cxb4 12. Na2 b3 13. Nc3 bxc2 14. Kxc2 Qa5 15. Nh3 Nb6 16. Ra1 Qb4 17. h5 gxh5 18. Nf4 Na4 19. Nd3 Qa5 20. Rhc1 Qb5 21. Kd1 Nxc3+ 22. Rxc3 Rxc3 23. Qxc3 Qb6 24. Ra3 Kd7 25. Rb3 Qc7 26. Qb4 Bc8 27. Nf4 Nf6 28. d5 e6 29. Rc3 Qb7 30. dxe6+ fxe6 31. Bb6 Ne8 32. Rb3 Qc6 33. Nxh5 Rg8 34. Nxg7 Rxg7 35. g4 Ke7 36. e5 Kf7 37. Rc3 Qd5+ 38. Ke1 Qxe5 39. Rxc8 Qg3+ 40. Bf2 Qh2 41. Qb8 Nf6 42. Rf8+ Kg6 43. Bd3+ Kg5 44. Be3+ {[%emt 0:00:00] Ng8} 1-0

[Event "FRA-ch Open A-D 2018"]
[Site "Nimes"]
[Date "2018.08.24"]
[Round "7"]
[White "Kollar, Romain"]
[Black "Pupier, Terry"]
[Result "1/2-1/2"]
[ECO "B32"]
[WhiteElo "2065"]
[BlackElo "2068"]
[Annotator "NA"]
[PlyCount "80"]
[EventDate "2018.08.18"]
[EventType "tourn"]
[EventCountry "FRA"]
[SourceTitle "playchess.com"]
[Source "ChessBase"]
[SourceQuality "1"]
[TimeControl "40/5400+30:1800+30"]

1. e4 c5 2. Nf3 Nc6 3. d4 cxd4 4. Nxd4 e5 5. Nb5 d6 6. N1c3 a6 7. Na3 Be7 8. Nc4 b5 9. Ne3 Nf6 10. Ned5 Be6 {[%emt 0:00:30] LiveBook: 19 Games} 11. g3 $11 b4 12. Nxf6+ Bxf6 13. Nd5 Bxd5 14. exd5 Nd4 15. Be3 Qa5 16. Bc4 Rc8 17. b3 Nb5 18. Bxb5+ Qxb5 19. a4 Qa5 20. O-O O-O 21. Rc1 Bd8 22. Qd3 f5 23. Bd2 e4 24. Qd4 Rb8 25. c3 Bb6 26. cxb4 Bxd4 27. bxa5 Rxb3 28. Rc6 Ra8 29. Rxd6 Rd3 30. Bf4 h6 31. h4 Rb8 32. Rxa6 Rb2 33. d6 Kf7 34. Rc6 e3 35. Bxe3 Bxe3 36. fxe3 Rdd2 37. Rfc1 Rg2+ 38. Kh1 Rh2+ 39. Kg1 Rhg2+ 40. Kh1 Rh2+ 1/2-1/2

[Event "FRA-ch Open A-D 2018"]
[Site "Nimes"]
[Date "2018.08.24"]
[Round "7"]
[White "Bianchi, Guillaume"]
[Black "El Mchaouri Mas, Younes"]
[Result "1-0"]
[ECO "A45"]
[WhiteElo "2064"]
[BlackElo "2120"]
[Annotator "NA"]
[PlyCount "113"]
[EventDate "2018.08.18"]
[EventType "tourn"]
[EventCountry "FRA"]
[SourceTitle "playchess.com"]
[Source "ChessBase"]
[SourceQuality "1"]
[TimeControl "40/5400+30:1800+30"]

1. d4 Nf6 2. Bf4 g6 3. Nc3 d5 4. e3 Bg7 5. Be2 O-O 6. h4 c5 7. h5 Nc6 8. hxg6 hxg6 9. Nf3 $11 Qa5 10. Kf1 Ne4 11. a3 Bf5 12. Nh4 Nxc3 13. bxc3 Bd7 14. Bg4 Qd8 15. Rb1 e5 16. dxe5 Qc8 17. e6 Bxe6 18. Bxe6 Qxe6 19. Rxb7 Ne5 20. Qb1 Nc4 21. Kg1 d4 22. cxd4 cxd4 23. Qb3 dxe3 24. fxe3 Bd4 25. Kf2 Na5 26. Qxe6 fxe6 27. Nxg6 Nxb7 28. exd4 Kg7 29. Nxf8 Rxf8 30. Ke3 Rc8 31. Kd3 Rc6 32. Be5+ Kg6 33. Rf1 Ra6 34. Ra1 Na5 35. a4 Nc6 36. Bg3 Ra5 37. Bf2 Nb4+ 38. Kc3 Nd5+ 39. Kb3 Nf4 40. g3 Nh3 41. Be3 Rf5 42. Rh1 Ng5 43. Bxg5 Rxg5 44. Rg1 Rg4 45. c3 Kf6 46. Rf1+ Ke7 47. Rf3 Kd6 48. Re3 Rg7 49. Kc4 Rg5 50. Rf3 Ra5 51. Kb4 Rg5 52. a5 a6 53. c4 Rg4 54. Kc3 Rg5 55. c5+ Kc6 56. Kc4 Rg6 57. Rb3 1-0

[Event "FRA-ch Open A-D 2018"]
[Site "Nimes"]
[Date "2018.08.24"]
[Round "7"]
[White "Verin, Jules"]
[Black "Cassam-Chenai, Eric"]
[Result "1/2-1/2"]
[ECO "E16"]
[WhiteElo "1941"]
[BlackElo "1914"]
[Annotator "NA"]
[PlyCount "83"]
[EventDate "2018.08.18"]
[EventType "tourn"]
[EventCountry "FRA"]
[SourceTitle "playchess.com"]
[Source "ChessBase"]
[SourceQuality "1"]
[TimeControl "40/5400+30:1800+30"]

1. d4 Nf6 2. Nf3 e6 3. c4 Bb4+ 4. Bd2 Qe7 5. Nc3 Bxc3 6. Bxc3 Ne4 7. Qc2 f5 8. g3 {[%emt 0:04:15] LiveBook: 3 Games} b6 $14 9. Bg2 Nxc3 10. Qxc3 Bb7 11. O-O O-O 12. Rfd1 d6 13. Rd2 Nd7 14. Ne5 Bxg2 15. Nxd7 Qxd7 16. Kxg2 f4 17. f3 Qe7 18. e4 Qg5 19. e5 Rf5 20. Re1 fxg3 21. hxg3 Raf8 22. Rf2 h5 23. exd6 cxd6 24. Qe3 Qxe3 25. Rxe3 R8f6 26. Rfe2 Ra5 27. a3 Kf7 28. f4 Raf5 29. b4 h4 30. d5 exd5 31. cxd5 Rg6 32. Re7+ Kg8 33. R2e3 Rxd5 34. Rxa7 Rd2+ 35. Kh3 Rd1 36. Kh2 hxg3+ 37. Rxg3 Rd2+ 38. Kh3 Rh6+ 39. Kg4 Rg6+ 40. Kh3 Rh6+ 41. Kg4 Rg6+ 42. Kh3 1/2-1/2

[Event "FRA-ch Open A-D 2018"]
[Site "Nimes"]
[Date "2018.08.24"]
[Round "7"]
[White "Sabatier, Mathis"]
[Black "Verhille, Elie"]
[Result "1/2-1/2"]
[ECO "A05"]
[WhiteElo "1904"]
[BlackElo "1862"]
[Annotator "NA"]
[PlyCount "81"]
[EventDate "2018.08.18"]
[EventType "tourn"]
[EventCountry "FRA"]
[SourceTitle "playchess.com"]
[Source "ChessBase"]
[SourceQuality "1"]
[TimeControl "40/5400+30:1800+30"]

1. Nf3 Nf6 2. g3 g6 3. b4 Bg7 4. Bb2 d5 5. Bg2 O-O 6. O-O c6 7. a4 Re8 8. d3 Nbd7 9. Nbd2 e5 10. e4 Qc7 11. c4 dxe4 12. dxe4 c5 13. b5 b6 14. a5 $14 a6 15. axb6 Nxb6 16. Qe2 Bb7 17. Rfb1 axb5 18. Rxa8 Bxa8 19. cxb5 Nfd7 20. Rc1 Nf8 21. Ba3 Ne6 22. Bh3 Bf8 23. Nc4 Nd4 24. Nxd4 exd4 25. Bg2 Nxc4 26. Rxc4 Qa5 27. Bxc5 Qxb5 28. Bxf8 Kxf8 29. Qd3 Kg8 30. Rxd4 Qxd3 31. Rxd3 Bxe4 32. Re3 f5 33. Bxe4 Rxe4 34. Rxe4 fxe4 35. Kf1 Kf7 36. Ke2 Ke6 37. Ke3 Ke5 38. f3 exf3 39. Kxf3 h6 40. Ke3 g5 41. g4 1/2-1/2

[Event "FRA-ch Open A-D 2018"]
[Site "Nimes"]
[Date "2018.08.24"]
[Round "7"]
[White "Brouard, Gregoire"]
[Black "Dimey, Cyrille"]
[Result "1-0"]
[ECO "A56"]
[WhiteElo "1898"]
[BlackElo "1807"]
[Annotator "NA"]
[PlyCount "50"]
[EventDate "2018.08.18"]
[EventType "tourn"]
[EventCountry "FRA"]
[SourceTitle "playchess.com"]
[Source "ChessBase"]
[SourceQuality "1"]
[TimeControl "40/5400+30:1800+30"]

1. d4 Nf6 2. c4 c5 3. d5 e5 4. Nc3 d6 5. e4 Be7 6. f4 exf4 7. Bxf4 O-O 8. Bd3 Nbd7 9. Nf3 Nh5 10. Bd2 $14 g6 11. Qc2 Bf6 12. Ne2 Ne5 13. Nxe5 Bxe5 14. O-O-O Bg4 15. Rde1 Bxe2 16. Bxe2 Nf6 17. g3 Nd7 18. Bg4 Nf6 19. Bh3 a6 20. Rhf1 Ne8 21. Bh6 Ng7 22. Rf3 Qa5 23. Ref1 Qxa2 24. Ra3 Bxb2+ 25. Qxb2 Qxc4+ 1-0

[Event "FRA-ch Open A-D 2018"]
[Site "Nimes"]
[Date "2018.08.24"]
[Round "7"]
[White "Lancelot, Renaud"]
[Black "Radoman, Emmanuel"]
[Result "0-1"]
[ECO "B07"]
[WhiteElo "1882"]
[BlackElo "1818"]
[Annotator "NA"]
[PlyCount "130"]
[EventDate "2018.08.18"]
[EventType "tourn"]
[EventCountry "FRA"]
[SourceTitle "playchess.com"]
[Source "ChessBase"]
[SourceQuality "1"]
[TimeControl "40/5400+30:1800+30"]

1. e4 d6 2. d4 Nf6 3. Nc3 g6 4. Be3 c6 5. h3 Nbd7 6. Nf3 Qc7 7. a3 Bg7 8. Be2 O-O 9. Qd2 b5 10. O-O Bb7 11. Bh6 a6 12. Bxg7 $11 Kxg7 13. Rfe1 e5 14. Bf1 Rad8 15. Rad1 Rfe8 16. Qc1 c5 17. d5 b4 18. Nb1 a5 19. a4 c4 20. c3 Rc8 21. Nfd2 Ba6 22. b3 Nc5 23. cxb4 axb4 24. Bxc4 Qa7 25. Qc2 Red8 26. Re3 Nfd7 27. Bxa6 Qxa6 28. Qc4 Qb7 29. Qe2 Nb6 30. Rc1 Rc7 31. Qb5 Nbd7 32. Qxb7 Rxb7 33. Nc4 Nf6 34. Nxd6 Rxd6 35. Rxc5 Nh5 36. Nd2 f6 37. Nc4 Rdd7 38. Na5 Rb6 39. g3 Kf7 40. Re1 Ng7 41. Rec1 Ne8 42. Rc6 Rb8 43. f3 h5 44. Rc8 Rxc8 45. Rxc8 Rc7 46. Rxc7+ Nxc7 47. Nc6 Na6 48. a5 Ke8 49. Kf2 Kd7 50. Ke3 Nc5 51. Nxb4 Nxb3 52. a6 Kc8 53. a7 Kb7 54. Nc6 Nc5 55. f4 Nd7 56. g4 hxg4 57. hxg4 g5 58. f5 Ka8 59. d6 Kb7 60. Kd3 Nb6 61. a8=Q+ Kxa8 62. Nxe5 fxe5 63. f6 Kb7 64. f7 Nd7 65. Kc4 Kc6 0-1

[Event "FRA-ch Open A-D 2018"]
[Site "Nimes"]
[Date "2018.08.24"]
[Round "7"]
[White "Auffray-Bonnet, Gaspard"]
[Black "Rasolo, Loick"]
[Result "0-1"]
[ECO "C54"]
[WhiteElo "1736"]
[BlackElo "1723"]
[Annotator "NA"]
[PlyCount "90"]
[EventDate "2018.08.18"]
[EventType "tourn"]
[EventCountry "FRA"]
[SourceTitle "playchess.com"]
[Source "ChessBase"]
[SourceQuality "1"]
[TimeControl "40/5400+30:1800+30"]

1. e4 Nc6 2. Nf3 e5 3. Bc4 Bc5 4. c3 Nf6 5. d4 exd4 6. e5 d5 7. Bb5 Ne4 8. cxd4 Bb4+ 9. Bd2 Nxd2 10. Nbxd2 O-O 11. a3 Bxd2+ 12. Qxd2 Ne7 13. Rc1 c6 14. Bd3 Bf5 15. O-O Qd7 16. Nh4 Bxd3 17. Qxd3 Qg4 18. g3 Rae8 19. f3 Qh3 20. f4 f5 21. b4 a6 22. a4 Ra8 23. a5 Rae8 24. Nf3 h6 25. Nd2 g5 26. Qf3 Ng6 27. Nb3 Rf7 28. fxg5 hxg5 29. Rf2 f4 30. Rc3 Ref8 31. Qg2 Qf5 32. g4 Qe4 33. Qxe4 dxe4 34. Nc5 e3 35. Rb2 Nh4 36. Ne4 Rd7 37. Rc4 Rxd4 38. Rxd4 Nf3+ 39. Kf1 Nxd4 40. Nxg5 f3 41. Ne4 Rf4 42. Nf6+ Kf7 43. h3 f2 44. Nh5 Rf3 45. e6+ Kxe6 0-1

[Event "FRA-ch Open A-D 2018"]
[Site "Nimes"]
[Date "2018.08.24"]
[Round "7"]
[White "Alashtar, Aasef"]
[Black "Chemier, Maxime"]
[Result "1-0"]
[ECO "A00"]
[WhiteElo "1724"]
[BlackElo "1626"]
[Annotator "NA"]
[PlyCount "87"]
[EventDate "2018.08.18"]
[EventType "tourn"]
[EventCountry "FRA"]
[SourceTitle "playchess.com"]
[Source "ChessBase"]
[SourceQuality "1"]
[TimeControl "40/5400+30:1800+30"]

1. g3 d5 2. Bg2 Nf6 3. Nf3 Bf5 4. d4 e6 5. O-O Bd6 6. c4 dxc4 7. Qa4+ Nbd7 8. Qxc4 Nb6 9. Qb3 c6 10. Nc3 Ne4 11. Nh4 Nxc3 12. bxc3 Bg4 13. Qc2 Be7 14. Nf3 O-O 15. Ne5 Bh5 16. e4 Bd6 17. Nd3 Bg6 18. f4 f6 19. Rb1 Rb8 20. c4 Bxf4 21. Nxf4 Qxd4+ 22. Kh1 Qxc4 23. Qxc4 Nxc4 24. Nxg6 hxg6 25. Re1 Rfd8 26. Bf1 Rd4 27. Rb4 b5 28. Bxc4 Rxc4 29. Rxc4 bxc4 30. Kg2 c3 31. Re3 Rb4 32. Kf3 Rc4 33. Ke2 Rc5 34. Kd3 e5 35. Kc2 Rc4 36. Kb3 Rd4 37. Kxc3 Rd1 38. Kc2 Rd4 39. Bb2 Rb4 40. Bc3 Rb5 41. a4 Rb7 42. Rd3 Kf7 43. Rd6 Rc7 44. Ba5 1-0

[Event "FRA-ch Open A-D 2018"]
[Site "Nimes"]
[Date "2018.08.24"]
[Round "7"]
[White "Piat, Jean Pascal"]
[Black "Silvera, Ruben"]
[Result "1-0"]
[ECO "D00"]
[WhiteElo "1711"]
[BlackElo "1688"]
[Annotator "NA"]
[PlyCount "61"]
[EventDate "2018.08.18"]
[EventType "tourn"]
[EventCountry "FRA"]
[SourceTitle "playchess.com"]
[Source "ChessBase"]
[SourceQuality "1"]
[TimeControl "40/5400+30:1800+30"]

1. d4 d5 2. e4 dxe4 3. Nc3 Nf6 4. f3 exf3 5. Nxf3 Bf5 6. Bc4 e6 7. O-O c6 8. Bb3 h6 9. Ne5 Bd6 10. Rxf5 exf5 11. Nxf7 Bxh2+ 12. Kh1 Ne4 13. Nxe4 Qh4 14. Nf2 Bc7+ 15. Nh3 Rh7 16. Qe2+ Qe7 17. Qxe7+ Kxe7 18. Bd2 g5 19. Re1+ Kf6 20. Nfxg5 hxg5 21. Bxg5+ Kg6 22. Re6+ Kf7 23. Rxc6+ Ke8 24. Re6+ Kd7 25. d5 Rh8 26. Rf6 Be5 27. Ba4+ Kc8 28. Rxf5 Bxb2 29. Rf7 a6 30. d6 b5 31. Rc7# 1-0

[Event "FRA-ch Open A-D 2018"]
[Site "Nimes"]
[Date "2018.08.24"]
[Round "7"]
[White "Long, Raphael"]
[Black "Vette, Valerie"]
[Result "0-1"]
[ECO "E40"]
[WhiteElo "1706"]
[BlackElo "1683"]
[Annotator "NA"]
[PlyCount "112"]
[EventDate "2018.08.18"]
[EventType "tourn"]
[EventCountry "FRA"]
[SourceTitle "playchess.com"]
[Source "ChessBase"]
[SourceQuality "1"]
[TimeControl "40/5400+30:1800+30"]

1. d4 Nf6 2. c4 e6 3. Nc3 Bb4 4. e3 d5 5. Qa4+ Nc6 6. Nf3 Bd7 7. Qc2 dxc4 8. Bxc4 O-O 9. O-O Be7 10. a3 a5 11. e4 Na7 12. Rd1 b5 13. Bd3 h6 14. d5 Qc8 15. Ne5 Be8 16. Nc6 Nxc6 17. dxc6 b4 18. Ne2 b3 19. Qc4 a4 20. e5 Nh7 21. Nf4 g5 22. Qe4 f5 23. exf6 Nxf6 24. Ng6 Bc5 25. Qc4 Bxf2+ 26. Kxf2 Bxg6 27. Bxg6 Ng4+ 28. Kg1 Ne5 29. Qe4 Ra5 30. Bd2 Rd5 31. Bb4 Rf4 32. Qe2 Rxd1+ 33. Rxd1 Nxg6 34. Rd7 Nf8 35. Bxf8 Qxf8 36. Qxe6+ Rf7 37. Qg6+ Rg7 38. Rxg7+ Qxg7 39. Qe6+ Kh7 40. Qd7 Kh8 41. Qxg7+ Kxg7 42. Kf2 Kf6 43. Ke3 Ke5 44. Kd3 Kd5 45. Kc3 Kc5 46. g4 Kb5 47. Kd4 Kxc6 48. Kc4 Kd6 49. Kb4 Kd5 50. Kb5 Kd4 51. Kxa4 Kc4 52. Ka5 Kd3 53. Kb4 Kc2 54. a4 Kxb2 55. a5 Kc2 56. a6 b2 0-1

[Event "FRA-ch Open A-D 2018"]
[Site "Nimes"]
[Date "2018.08.24"]
[Round "7"]
[White "Alcindor, Samuel"]
[Black "Sithisak, Remi"]
[Result "1-0"]
[ECO "B93"]
[WhiteElo "1462"]
[BlackElo "1360"]
[Annotator "NA"]
[PlyCount "75"]
[EventDate "2018.08.18"]
[EventType "tourn"]
[EventCountry "FRA"]
[SourceTitle "playchess.com"]
[Source "ChessBase"]
[SourceQuality "1"]
[TimeControl "40/5400+30:1800+30"]

1. e4 c5 2. Nf3 d6 3. d4 cxd4 4. Nxd4 Nf6 5. Nc3 a6 6. f4 Qc7 7. Be2 e6 8. O-O Be7 9. Be3 b5 10. Bf3 Bb7 11. a3 Nbd7 12. Qe1 O-O 13. f5 e5 14. Nb3 Rac8 15. Qg3 Kh8 16. Rad1 Nb6 17. Nd2 Rfd8 18. Kh1 Bc6 19. Qf2 Rb8 20. g4 d5 21. g5 Nxe4 22. Ndxe4 dxe4 23. Nxe4 Nc4 24. f6 Rxd1 25. Rxd1 Nxb2 26. Rb1 Bxa3 27. fxg7+ Kxg7 28. Qh4 Bd7 29. Qh6+ Kh8 30. Nf6 Bf5 31. Nh5 Bf8 32. Qf6+ Kg8 33. Qxf5 Bg7 34. Be4 Nc4 35. Qxh7+ Kf8 36. Qxg7+ Ke8 37. Nf6+ Ke7 38. Nd5+ 1-0

[Event "FRA-ch Open A-D 2018"]
[Site "Nimes"]
[Date "2018.08.24"]
[Round "7"]
[White "Davidou, Delphine"]
[Black "Leprince, Solal"]
[Result "1-0"]
[ECO "D35"]
[WhiteElo "1446"]
[BlackElo "1432"]
[Annotator "NA"]
[PlyCount "59"]
[EventDate "2018.08.18"]
[EventType "tourn"]
[EventCountry "FRA"]
[SourceTitle "playchess.com"]
[Source "ChessBase"]
[SourceQuality "1"]
[TimeControl "40/5400+30:1800+30"]

1. d4 d5 2. c4 e6 3. cxd5 exd5 4. Nc3 Nf6 5. Bg5 Be7 6. e3 O-O 7. Bd3 Nbd7 8. Qc2 b6 9. Nf3 h6 10. Bf4 c5 11. O-O Bb7 12. Nb5 Ne4 13. Bxe4 dxe4 14. Nd2 cxd4 15. Nxd4 Rc8 16. Qd1 Nc5 17. Qg4 Bg5 18. Nf5 Qf6 19. Bxg5 hxg5 20. Ng3 Rfe8 21. Qf5 Qxb2 22. Nc4 Qf6 23. Qxf6 gxf6 24. Nd6 Ba6 25. Rfc1 Re6 26. Nxc8 Bxc8 27. Rd1 Bb7 28. Rd8+ Kh7 29. Nf5 Bc6 30. Nd4 1-0

[Event "FRA-ch Open A-D 2018"]
[Site "Nimes"]
[Date "2018.08.24"]
[Round "7"]
[White "Jugeau, Frederic"]
[Black "Gignoux Pezzetti, Nathan"]
[Result "0-1"]
[ECO "C30"]
[WhiteElo "1409"]
[BlackElo "1458"]
[Annotator "NA"]
[PlyCount "122"]
[EventDate "2018.08.18"]
[EventType "tourn"]
[EventCountry "FRA"]
[SourceTitle "playchess.com"]
[Source "ChessBase"]
[SourceQuality "1"]
[TimeControl "40/5400+30:1800+30"]

1. e4 e5 2. f4 Bc5 3. Nf3 d6 4. Bc4 Nf6 5. Nc3 Nc6 6. d3 Bg4 7. Na4 O-O 8. Nxc5 dxc5 9. h3 Bxf3 10. Qxf3 Qd6 11. a3 b5 12. Ba2 Nd4 13. Qf2 exf4 14. Bxf4 Nxc2+ 15. Kd2 Nxe4+ 16. Kxc2 Qxd3+ 17. Kxd3 Nxf2+ 18. Kc2 Nxh1 19. Rxh1 c4 20. Bxc7 Rfe8 21. Rd1 Re2+ 22. Rd2 Rae8 23. Kd1 Re1+ 24. Kc2 R8e2 25. Bg3 Rxd2+ 26. Kxd2 Rg1 27. Bf2 Rxg2 28. Ke2 a6 29. Kf3 Rg5 30. Bb1 Rd5 31. Be3 f5 32. Bc2 Kf8 33. Kf4 g6 34. h4 Kg7 35. Kf3 h6 36. Ke2 Kh7 37. Kf3 a5 38. Ke2 b4 39. axb4 axb4 40. Ba4 Ra5 41. Bc2 Ra2 42. Bc1 c3 43. Kd3 cxb2 44. Bd2 Ra1 45. Bxb4 b1=Q 46. Bxb1 Rxb1 47. Be7 Re1 48. Bf6 Kg8 49. Kd2 Re6 50. Bd4 Re4 51. Bf2 Kf7 52. Kd3 Kf6 53. Bg3 Ke6 54. Bf2 Kd5 55. Bg3 g5 56. hxg5 hxg5 57. Bb8 f4 58. Bc7 g4 59. Bb6 g3 60. Bg1 f3 61. Bb6 f2 {[%emt 0:00:00] Kd4+ Ke5+} 0-1

[Event "FRA-ch Open A-D 2018"]
[Site "Nimes"]
[Date "2018.08.24"]
[Round "7"]
[White "Thoreux-Josso, Aaron"]
[Black "Koch, Emilie"]
[Result "1/2-1/2"]
[ECO "B01"]
[WhiteElo "1399"]
[BlackElo "1498"]
[Annotator "NA"]
[PlyCount "104"]
[EventDate "2018.08.18"]
[EventType "tourn"]
[EventCountry "FRA"]
[SourceTitle "playchess.com"]
[Source "ChessBase"]
[SourceQuality "1"]
[TimeControl "40/5400+30:1800+30"]

1. e4 d5 2. exd5 Nf6 3. d4 Bg4 4. Be2 Bxe2 5. Qxe2 Qxd5 6. Nf3 e6 7. Bf4 Qa5+ 8. c3 Bd6 9. Bxd6 cxd6 10. O-O O-O 11. Nbd2 Nc6 12. Rfe1 Rac8 13. Nc4 Qc7 14. Ne3 Rfe8 15. Rad1 Ne7 16. Qc2 Ned5 17. Nxd5 Nxd5 18. Qb3 Nb6 19. Nd2 Qc6 20. Qb4 Nd5 21. Qa3 a6 22. Ne4 Rcd8 23. f3 Nb6 24. b3 d5 25. Nc5 Qd6 26. Qa5 Qc6 27. Qb4 Rb8 28. Re2 Nd7 29. Nd3 Rec8 30. Rc1 Qb5 31. Qxb5 axb5 32. Nb4 Rc7 33. f4 g6 34. g4 Nf6 35. h3 Ne4 36. c4 bxc4 37. bxc4 Rd8 38. Rcc2 Nd6 39. cxd5 Rxc2 40. Rxc2 exd5 41. Rc5 Re8 42. Rxd5 Nc4 43. Rc5 Nd6 44. Re5 Rc8 45. Rc5 Re8 46. Re5 Rc8 47. Rc5 Re8 48. Re5 Rc8 49. Rd5 Nc4 50. Rc5 Re8 51. Rd5 Re7 52. Rc5 Re4 1/2-1/2

[Event "FRA-ch Open A-D 2018"]
[Site "Nimes"]
[Date "2018.08.25"]
[Round "8"]
[White "Bianchi, Guillaume"]
[Black "Kollar, Romain"]
[Result "1-0"]
[ECO "A43"]
[WhiteElo "2064"]
[BlackElo "2065"]
[Annotator "NA RC"]
[PlyCount "73"]
[EventDate "2018.08.18"]
[EventType "tourn"]
[EventCountry "FRA"]
[SourceTitle "playchess.com"]
[Source "ChessBase"]
[SourceQuality "1"]
[TimeControl "40/5400+30:1800+30"]

1. d4 Nf6 2. Nf3 c5 3. d5 e6 4. Nc3 exd5 5. Nxd5 Nxd5 6. Qxd5 Be7 7. e4 O-O 8. Bc4 d6 9. Bf4 Qb6 $11 10. O-O-O Nc6 11. Qh5 Qb4 12. Bd5 g6 13. Qh6 Bf6 14. c3 Bxc3 15. bxc3 Qxc3+ 16. Kb1 Nb4 17. Bb3 Nd3 18. Rd2 Nxf4 19. Qxf4 Qb4 20. Rb2 c4 21. Bc2 Qc5 22. Qh6 f6 23. Qe3 Qa5 24. Nd4 Bd7 25. h4 b5 26. f4 b4 27. h5 c3 28. Bb3+ Kg7 29. Rc2 Qc7 30. g4 a5 31. Rch2 Rh8 32. Bd5 Rab8 33. hxg6 hxg6 34. Rxh8 Rxh8 35. Rxh8 Kxh8 36. f5 Qc5 37. Qh6# 1-0

[Event "FRA-ch Open A-D 2018"]
[Site "Nimes"]
[Date "2018.08.25"]
[Round "8"]
[White "Destic, Pablo"]
[Black "Sabatier, Mathis"]
[Result "1/2-1/2"]
[ECO "C84"]
[WhiteElo "1921"]
[BlackElo "1904"]
[Annotator "NA RC"]
[PlyCount "111"]
[EventDate "2018.08.18"]
[EventType "tourn"]
[EventCountry "FRA"]
[SourceTitle "playchess.com"]
[Source "ChessBase"]
[SourceQuality "1"]
[TimeControl "40/5400+30:1800+30"]

1. e4 e5 2. Nf3 Nc6 3. Bb5 a6 4. Ba4 Nf6 5. O-O Be7 6. d3 b5 7. Bb3 d6 8. c3 O-O 9. h3 Na5 10. Bc2 c5 11. d4 Nd7 12. Nbd2 exd4 13. cxd4 Nc6 14. a4 Bb7 15. d5 Nce5 16. Nxe5 Nxe5 17. f4 Ng6 18. Nf3 b4 19. b3 a5 20. Bd3 Bf6 21. Ra2 Ba6 22. Bxa6 Rxa6 23. Qd3 Ra7 24. Nd2 Re8 25. Bb2 Bxb2 26. Rxb2 Rae7 27. Rbb1 Qd7 28. Rbe1 f5 29. Qc4 fxe4 30. Rxe4 Rxe4 31. Nxe4 Qe7 32. Re1 Kh8 33. g3 Nf8 34. Re2 Nd7 35. Kf2 Qf8 36. Qb5 Nf6 37. Nxf6 Rxe2+ 38. Kxe2 gxf6 39. Qd7 Kg8 40. Kd3 Qb8 41. Qe7 Qb6 42. Qe8+ Kg7 43. Qc6 Qd8 44. Ke4 Qe7+ 45. Kf5 Qf7 46. g4 h6 47. h4 Qe7 48. h5 Kf7 49. Qc8 Kg7 50. Qa8 Qd7+ 51. Ke4 Qxg4 52. Qb7+ Kf8 53. Qb8+ Ke7 54. Qc7+ Qd7 55. Qxd7+ Kxd7 56. Kd3 1/2-1/2